[ PARTIDA AOE2 · #495762534 ]
UnrankedVietnamitas vs Burgundians
Equipo del jugador · VICT
Equipo rival · DERR
[ ANÁLISIS DE REPETICIÓN · EXTRAÍDO DE LA PARTIDA GRABADA ]
Feudal
9:46
Castillos
20:09
Imperial
37:01
| APM promedio | 48.2 |
| APM pico | 79 |
| eAPM promedio | 21.4 |
| Aldeanos / militares | 93 / 125 |
Foco
⚔️ 42.5% · 🌾 57.5%
Scout Cavalry ×51 · Cavalry Archer ×40 · Fire Lancer ×26 · Monk ×4 · Spearman ×2 · Trebuchet (Packed) ×2
Feudal
9:00
Castillos
19:53
Imperial
40:22
| APM promedio | 39.0 |
| APM pico | 73 |
| eAPM promedio | 18.5 |
| Aldeanos / militares | 134 / 111 |
Foco
⚔️ 35.8% · 🌾 64.2%
Skirmisher ×52 · Knight ×26 · Militia ×24 · Spearman ×4 · Scout Cavalry ×4 · Monk ×1
Mapa de la partida
Recursos iniciales + cada clic de construcción. Líneas = muros · curvas = relieve. ◆ oro · ⬟ piedra · ● bayas · ✦ reliquia · ◌ hueco del cierre
Tu base· ✓ Cerrada en 20:09 · 34t muro · sin puerta
Base de FireWireTime· Abierta — el rival se encerró
Terreno inicial suavizado · ◌ = hueco del cierre detectado · pasá el cursor para detalles
Inputs por minuto
— Pelantaro - - FireWireTime
Build order — Pelantaro
Primeras 150 de 329 acciones detectadas
| 0:00 | Crear | Villager (Male) |
| 0:00 | Crear | Villager (Male) |
| 0:01 | Crear | Villager (Male) |
| 0:02 | Construir | House |
| 0:03 | Construir | House |
| 0:14 | Crear | Villager (Male) |
| 1:22 | Crear | Villager (Male) |
| 1:46 | Construir | Lumber Camp |
| 1:49 | Crear | Villager (Male) |
| 2:19 | Crear | Villager (Male) |
| 2:58 | Crear | Villager (Male) |
| 3:07 | Crear | Villager (Male) |
| 3:24 | Crear | Villager (Male) |
| 3:28 | Construir | House |
| 3:28 | Construir | House |
| 3:44 | Crear | Villager (Male) |
| 4:12 | Construir | Mill |
| 4:32 | Crear | Villager (Male) |
| 4:33 | Crear | Villager (Male) |
| 5:07 | Crear | Villager (Male) |
| 5:56 | Crear | Villager (Male) |
| 5:56 | Crear | Villager (Male) |
| 5:56 | Crear | Villager (Male) |
| 7:04 | Investigar | Loom |
| 7:27 | Investigar | Feudal Age |
| 7:44 | Construir | Barracks |
| 8:08 | Construir | Mining Camp |
| 8:41 | Construir | House |
| 8:45 | Construir | House |
| 9:05 | Crear | Villager (Male) |
| 9:21 | Construir | Palisade Wall |
| 9:22 | Construir | Palisade Wall |
| 9:46 | Edad | Edad Feudal |
| 9:48 | Investigar | Wheelbarrow |
| 9:53 | Investigar | Double-Bit Axe |
| 10:01 | Construir | Stable |
| 10:08 | Crear | Villager (Male) |
| 10:33 | Construir | Blacksmith |
| 10:59 | Crear | Scout Cavalry |
| 11:06 | Crear | Villager (Male) |
| 11:15 | Construir | Farm |
| 11:21 | Construir | Farm |
| 11:22 | Crear | Villager (Male) |
| 11:37 | Construir | Market |
| 11:44 | Crear | Scout Cavalry |
| 11:59 | Crear | Villager (Male) |
| 12:05 | Construir | Farm |
| 12:22 | Crear | Villager (Male) |
| 12:38 | Construir | Stone Wall |
| 12:43 | Construir | Stone Wall |
| 12:49 | Crear | Villager (Male) |
| 12:55 | Crear | Scout Cavalry |
| 13:10 | Crear | Villager (Male) |
| 13:22 | Construir | Farm |
| 13:24 | Crear | Villager (Male) |
| 13:36 | Crear | Villager (Male) |
| 13:50 | Construir | Farm |
| 13:57 | Construir | Stone Wall |
| 14:03 | Crear | Villager (Male) |
| 14:08 | Crear | Spearman |
| 14:15 | Construir | Farm |
| 14:19 | Construir | House |
| 14:31 | Crear | Villager (Male) |
| 14:36 | Construir | Farm |
| 14:36 | Construir | Farm |
| 14:36 | Construir | Farm |
| 14:36 | Construir | Farm |
| 14:47 | Construir | Farm |
| 15:07 | Construir | Farm |
| 15:08 | Crear | Villager (Male) |
| 15:27 | Construir | Farm |
| 15:29 | Construir | Farm |
| 15:32 | Construir | Farm |
| 15:35 | Crear | Villager (Male) |
| 15:52 | Crear | Spearman |
| 16:09 | Construir | House |
| 16:39 | Crear | Villager (Male) |
| 16:57 | Crear | Villager (Male) |
| 17:05 | Construir | Mining Camp |
| 17:17 | Investigar | Castle Age |
| 17:30 | Construir | Stone Wall |
| 17:54 | Construir | House |
| 18:36 | Investigar | Bloodlines |
| 18:38 | Investigar | Fletching |
| 20:09 | Edad | Edad de los Castillos |
| 20:17 | Crear | Villager (Male) |
| 20:17 | Crear | Villager (Male) |
| 20:18 | Investigar | Hand Cart |
| 20:24 | Construir | Town Center |
| 20:45 | Construir | Archery Range |
| 20:49 | Construir | University |
| 21:06 | Construir | Gate |
| 21:11 | Crear | Villager (Male) |
| 21:15 | Investigar | Bodkin Arrow |
| 21:31 | Construir | Monastery |
| 21:34 | Crear | Villager (Male) |
| 21:34 | Crear | Villager (Male) |
| 21:35 | Investigar | Town Watch |
| 21:38 | Investigar | Padded Archer Armor |
| 21:44 | Crear | Cavalry Archer |
| 21:48 | Investigar | Ballistics |
| 21:54 | Investigar | Bow Saw |
| 22:09 | Construir | Archery Range |
| 22:14 | Crear | Villager (Male) |
| 22:14 | Crear | Villager (Male) |
| 22:16 | Crear | Villager (Male) |
| 22:23 | Construir | Lumber Camp |
| 22:35 | Crear | Villager (Male) |
| 22:41 | Crear | Monk |
| 22:47 | Construir | Farm |
| 22:51 | Construir | Farm |
| 22:55 | Investigar | Horse Collar |
| 22:59 | Crear | Villager (Male) |
| 23:09 | Crear | Villager (Male) |
| 23:13 | Construir | Farm |
| 23:21 | Crear | Villager (Male) |
| 23:24 | Crear | Villager (Male) |
| 23:26 | Crear | Cavalry Archer |
| 23:45 | Crear | Cavalry Archer |
| 23:48 | Construir | House |
| 23:50 | Construir | House |
| 23:52 | Construir | House |
| 23:55 | Construir | House |
| 24:02 | Crear | Cavalry Archer |
| 24:03 | Investigar | Gold Mining |
| 24:34 | Crear | Monk |
| 24:36 | Crear | Villager (Male) |
| 24:39 | Construir | Mining Camp |
| 24:48 | Construir | Farm |
| 24:48 | Construir | Farm |
| 24:48 | Construir | Farm |
| 24:49 | Construir | Farm |
| 24:51 | Construir | Farm |
| 24:52 | Crear | Villager (Male) |
| 24:52 | Crear | Villager (Male) |
| 24:53 | Crear | Villager (Male) |
| 25:04 | Crear | Cavalry Archer |
| 25:22 | Crear | Cavalry Archer |
| 25:27 | Construir | Farm |
| 25:27 | Crear | Villager (Male) |
| 25:29 | Crear | Villager (Male) |
| 25:30 | Crear | Villager (Male) |
| 25:57 | Crear | Cavalry Archer |
| 25:58 | Crear | Cavalry Archer |
| 26:01 | Investigar | Thumb Ring |
| 26:14 | Construir | Town Center |
| 26:23 | Crear | Cavalry Archer |
| 26:37 | Crear | Fire Lancer |
| 26:37 | Crear | Fire Lancer |
| 26:54 | Construir | Barracks |
Build order — FireWireTime
Primeras 150 de 387 acciones detectadas
| 0:00 | Crear | Villager (Male) |
| 0:00 | Crear | Villager (Male) |
| 0:01 | Crear | Villager (Male) |
| 0:02 | Construir | House |
| 0:06 | Construir | House |
| 0:21 | Crear | Villager (Male) |
| 0:22 | Crear | Villager (Male) |
| 1:39 | Crear | Villager (Male) |
| 1:39 | Crear | Villager (Male) |
| 2:04 | Crear | Villager (Male) |
| 2:04 | Crear | Villager (Male) |
| 2:30 | Crear | Villager (Male) |
| 2:30 | Crear | Villager (Male) |
| 2:51 | Construir | Lumber Camp |
| 2:55 | Crear | Villager (Male) |
| 2:55 | Crear | Villager (Male) |
| 2:55 | Crear | Villager (Male) |
| 3:30 | Crear | Villager (Male) |
| 3:30 | Crear | Villager (Male) |
| 3:30 | Crear | Villager (Male) |
| 3:56 | Investigar | Double-Bit Axe |
| 4:06 | Construir | House |
| 4:09 | Crear | Villager (Male) |
| 4:28 | Crear | Villager (Male) |
| 4:28 | Crear | Villager (Male) |
| 4:28 | Crear | Villager (Male) |
| 5:09 | Crear | Villager (Male) |
| 5:10 | Crear | Villager (Male) |
| 5:11 | Investigar | Loom |
| 5:43 | Construir | Mill |
| 6:50 | Investigar | Feudal Age |
| 7:41 | Construir | Barracks |
| 7:47 | Crear | Villager (Male) |
| 7:48 | Crear | Villager (Male) |
| 8:29 | Construir | House |
| 9:00 | Edad | Edad Feudal |
| 9:03 | Construir | Palisade Wall |
| 9:20 | Construir | Archery Range |
| 9:45 | Crear | Villager (Male) |
| 10:02 | Construir | Mining Camp |
| 10:06 | Crear | Villager (Male) |
| 10:22 | Crear | Villager (Male) |
| 10:36 | Construir | Palisade Wall |
| 10:40 | Construir | Palisade Wall |
| 10:42 | Crear | Villager (Male) |
| 10:50 | Crear | Skirmisher |
| 10:51 | Crear | Skirmisher |
| 11:07 | Construir | Farm |
| 11:14 | Construir | House |
| 11:30 | Construir | Farm |
| 11:54 | Construir | House |
| 12:01 | Crear | Skirmisher |
| 12:02 | Crear | Villager (Male) |
| 12:09 | Investigar | Bow Saw |
| 12:29 | Construir | Blacksmith |
| 12:32 | Crear | Villager (Male) |
| 12:47 | Construir | Farm |
| 12:52 | Crear | Villager (Male) |
| 13:06 | Crear | Skirmisher |
| 13:09 | Crear | Spearman |
| 13:17 | Construir | House |
| 13:26 | Crear | Villager (Male) |
| 13:31 | Construir | Farm |
| 13:40 | Crear | Villager (Male) |
| 13:54 | Crear | Villager (Male) |
| 14:12 | Construir | Farm |
| 14:22 | Construir | Farm |
| 14:31 | Crear | Villager (Male) |
| 14:49 | Crear | Spearman |
| 14:55 | Construir | Palisade Wall |
| 15:02 | Crear | Spearman |
| 15:02 | Crear | Villager (Male) |
| 15:08 | Construir | House |
| 15:15 | Crear | Villager (Male) |
| 15:17 | Construir | Farm |
| 15:31 | Construir | Farm |
| 15:41 | Construir | Farm |
| 15:47 | Construir | Palisade Wall |
| 15:56 | Construir | Market |
| 16:01 | Construir | Farm |
| 16:01 | Construir | Farm |
| 16:01 | Construir | Farm |
| 16:02 | Construir | Farm |
| 16:02 | Construir | Farm |
| 16:06 | Crear | Villager (Male) |
| 16:41 | Crear | Villager (Male) |
| 16:51 | Construir | Farm |
| 16:54 | Construir | Farm |
| 16:55 | Construir | Farm |
| 17:13 | Investigar | Castle Age |
| 17:18 | Construir | Farm |
| 17:26 | Construir | Farm |
| 17:44 | Construir | Palisade Wall |
| 18:04 | Construir | House |
| 18:23 | Construir | Palisade Wall |
| 18:32 | Crear | Spearman |
| 18:34 | Crear | Skirmisher |
| 18:34 | Crear | Skirmisher |
| 18:41 | Construir | House |
| 19:20 | Construir | Palisade Wall |
| 19:53 | Edad | Edad de los Castillos |
| 19:58 | Crear | Villager (Male) |
| 20:05 | Construir | Stable |
| 20:16 | Crear | Villager (Male) |
| 20:41 | Construir | Town Center |
| 20:45 | Crear | Villager (Male) |
| 21:01 | Investigar | Elite Skirmisher (upgrade) |
| 21:04 | Crear | Knight |
| 21:05 | Crear | Knight |
| 21:07 | Crear | Villager (Male) |
| 21:08 | Crear | Villager (Male) |
| 21:12 | Investigar | Bow Saw |
| 21:20 | Investigar | Gold Mining |
| 21:27 | Investigar | Fletching |
| 21:29 | Investigar | Padded Archer Armor |
| 21:43 | Construir | Palisade Gate |
| 21:48 | Crear | Villager (Male) |
| 21:49 | Crear | Villager (Male) |
| 21:58 | Construir | House |
| 22:03 | Crear | Skirmisher |
| 22:03 | Crear | Skirmisher |
| 22:18 | Investigar | Horse Collar |
| 22:30 | Crear | Villager (Male) |
| 22:32 | Crear | Villager (Male) |
| 22:36 | Construir | Farm |
| 22:38 | Crear | Villager (Male) |
| 22:43 | Construir | House |
| 23:01 | Crear | Villager (Male) |
| 23:05 | Construir | Farm |
| 23:06 | Crear | Villager (Male) |
| 23:08 | Crear | Skirmisher |
| 23:08 | Crear | Skirmisher |
| 23:09 | Crear | Knight |
| 23:10 | Crear | Knight |
| 23:26 | Construir | House |
| 23:29 | Crear | Knight |
| 23:44 | Construir | Farm |
| 23:45 | Crear | Villager (Male) |
| 23:46 | Crear | Villager (Male) |
| 23:58 | Construir | Palisade Wall |
| 24:01 | Crear | Villager (Male) |
| 24:06 | Construir | Farm |
| 24:09 | Investigar | Cavalier (upgrade) |
| 24:23 | Crear | Villager (Male) |
| 24:24 | Crear | Villager (Male) |
| 24:35 | Crear | Skirmisher |
| 24:35 | Crear | Skirmisher |
| 24:39 | Crear | Knight |
| 24:40 | Crear | Knight |
| 24:47 | Crear | Villager (Male) |
Cronología de la partida
| 7:41 | FireWireTime · first_building Barracks |
| 7:44 | Pelantaro · first_building Barracks |
| 9:00 | FireWireTime · age_up feudal |
| 9:03 | FireWireTime · wall_segment Palisade Wall x3 |
| 9:20 | FireWireTime · first_building Archery Range |
| 9:21 | Pelantaro · wall_segment Palisade Wall x1 |
| 9:22 | Pelantaro · wall_segment Palisade Wall x1 |
| 9:46 | Pelantaro · age_up feudal |
| 10:01 | Pelantaro · first_building Stable |
| 10:36 | FireWireTime · wall_segment Palisade Wall x4 |
| 10:40 | FireWireTime · wall_segment Palisade Wall x1 |
| 12:38 | Pelantaro · wall_segment Stone Wall x5 |
| 12:43 | Pelantaro · wall_segment Stone Wall x1 |
| 13:57 | Pelantaro · wall_segment Stone Wall x14 |
| 14:55 | FireWireTime · wall_segment Palisade Wall x1 |
| 15:47 | FireWireTime · wall_segment Palisade Wall x10 |
| 17:02 | FireWireTime · first_market_buy 100 food |
| 17:11 | Pelantaro · first_market_buy 100 food |
| 17:12 | Pelantaro · first_market_sell 100 wood |
| 17:30 | Pelantaro · wall_segment Stone Wall x12 |
| 17:44 | FireWireTime · wall_segment Palisade Wall x7 |
| 18:23 | FireWireTime · wall_segment Palisade Wall x1 |
| 19:20 | FireWireTime · wall_segment Palisade Wall x13 |
| 19:53 | FireWireTime · age_up castle |
| 20:05 | FireWireTime · first_building Stable |
| 20:09 | Pelantaro · age_up castle |
| 20:45 | Pelantaro · first_building Archery Range |
| 20:52 | FireWireTime · first_market_sell 100 food |
| 21:31 | Pelantaro · first_building Monastery |
| 23:58 | FireWireTime · wall_segment Palisade Wall x7 |
| 30:40 | FireWireTime · first_building Monastery |
| 30:57 | FireWireTime · wall_segment Stone Wall x2 |
| 33:39 | Pelantaro · first_building Castle |
| 33:41 | FireWireTime · first_building Castle |
| 37:01 | Pelantaro · age_up imperial |
| 40:22 | FireWireTime · age_up imperial |
| 41:21 | FireWireTime · resign |
[ ANÁLISIS IA · 1 CRÉDITO ]
¿Qué pasó realmente en esta partida?
Wolo.gg analiza cada decisión: build order, eco, micro, errores típicos por bracket. Análisis personalizado por WhatsApp o Discord en 30 segundos.
Guía civ
Vietnamitas
Perfil
Pelantaro